 Dungeon Crawl Stone Soup version 0.29.1-2-gbd0b4ee654 (webtiles) character file.

Game seed: 6016411710865091426

364 Avanven the Cudgeller (level 6, -10/37 HPs)
             Began as a Gargoyle Fighter on Nov 7, 2022.
             Mangled by a hornet (13 damage)
             ... on level 4 of the Dungeon.
             The game lasted 00:05:15 (3193 turns).

Avanven the Cudgeller (Gargoyle Fighter)            Turns: 3193, Time: 00:05:16

Health: -10/37     AC: 19    Str: 21    XL:     6   Next: 67%
Magic:  6/6        EV:  5    Int: 15    God:
Gold:   163        SH:  4    Dex: 11    Spells: 5/5 levels left

rFire   + + .      SeeInvis +   a - +0 flail
rCold   . . .      Faith    .   c - +0 buckler
rNeg    + . .      Spirit   .   i - +1 plate armour
rPois   ∞          Reflect  .   g - +0 helmet
rElec   +          Harm     .   (no cloak)
rCorr   .          Rampage  .   q - +0 pair of gloves
Will    .....                   (no boots)
Stlth   ..........              (no amulet)
HPRegen 0.12/turn               l - ring of see invisible
MPRegen 0.10/turn               t - ring "Nipoorr" {Contam rF++ Int+6 Dex+2 Stlth+}

@: no status effects
A: sickness immunity, AC +4, negative energy resistance 1, electricity
resistance, torment resistance 1, petrification resistance
a: no special abilities


You were on level 4 of the Dungeon.
You visited 1 branch of the dungeon, and saw 4 of its levels.

You collected 163 gold pieces.

Inventory:

Hand Weapons
 a - a +0 flail (weapon)
Missiles
 n - 2 javelins (quivered)
Armour
 c - a +0 buckler (worn)
 g - a +0 helmet (worn)
 i - a +1 plate armour (worn)
 q - a +0 pair of gloves (worn)
Jewellery
 l - a ring of see invisible (left hand)
 t - the ring "Nipoorr" (right hand) {Contam rF++ Int+6 Dex+2 Stlth+}
   (You found it on level 3 of the Dungeon)

   [ring of intelligence]

   Int:       It affects your intelligence (+6).
   Dex:       It affects your dexterity (+2).
   rF:        It greatly protects you from fire.
   Contam:    It causes magical contamination when unequipped.
   Stlth:     It makes you more stealthy.
Scrolls
 d - a scroll of blinking {unknown}
 m - 4 scrolls of identify
 o - a scroll of vulnerability {unknown}
 p - a scroll of teleportation {unknown}
 r - a scroll of amnesia {unknown}
 s - a scroll of silence
 u - a scroll of enchant armour
Potions
 b - 3 potions of mutation
 e - a potion of cancellation {unknown}
 f - a potion of curing {unknown}
 h - a potion of magic {unknown}
 j - 3 potions of brilliance {unknown}
 k - a potion of lignification {unknown}
 v - a potion of heal wounds {unknown}


   Skills:
 - Level 3.2 Fighting
 * Level 6.9 Maces & Flails
 - Level 3.2 Armour
 - Level 3.2 Shields


You had 5 spell levels left.
You didn't know any spells.
Your spell library contained the following spells:

 Spells                   Type           Power      Damage    Failure   Level
 Scorch                   Fire           0%         2d5       100%        2
 Flame Wave               Conj/Fire      0%         2d4       100%        4
 Summon Cactus Giant      Summ           0%         N/A       100%        6


Dungeon Overview and Level Annotations

Branches:
Dungeon (4/15)
 Temple: D:4-7

Altars:


Innate Abilities, Weirdness & Mutations

You are immune to sickness and miasma.
Your stone body is resilient. (AC +4)
You are immune to poison.
You resist negative energy. (rN+)
You are resistant to electric shocks. (rElec)
You are resistant to unholy torment.
You are immune to petrification.


Message History

No target in view!
No target in view!
No target in view!
No target in view!
No target in view!
No target in view!
You now have 163 gold pieces (gained 16).
A hornet comes into view.
Found a quarterstaff.
A hornet is nearby!
Okay, then.
Sorry, you're not good enough to have a special ability.
Okay, then.
As you read the scroll labelled BATWIACHOYJEG, it crumbles to dust.
It is a scroll of identify.
b - 3 potions of mutation You completely miss the hornet.
The hornet stings you.
You miss the hornet.
The hornet stings you but does no damage.
The hornet barely misses you.
You closely miss the hornet.
The hornet stings you but does no damage.
The hornet stings you!
You miss the hornet. You block the hornet's attack.
You barely miss the hornet. The hornet stings you!
The hornet stings you but does no damage.
You miss the hornet.
The hornet stings you but does no damage.
You hit the hornet.
The hornet is lightly wounded.
The hornet stings you. The hornet stings you!
* * * LOW HITPOINT WARNING * * *
You hit the hornet but do no damage.
The hornet is lightly wounded.
The hornet stings you.
* * * LOW HITPOINT WARNING * * *
You closely miss the hornet.
The hornet is lightly wounded.
The hornet stings you!
You die...

#. #. ####. ### #
.... .. #)#.#.#.#
#........##......
#.........###.#y###
##.........#....@..#
#..........##.#.#.##
............##...##
............#..#..#
............##...##
.............##.##
...#>.......##...#
..##.....)..###†##
....#######.###.#


You could see a hornet.

Vanquished Creatures
  Sigmund (D:2)
  A necrophage (D:4)
  A howler monkey (D:4)
  5 adders
  A worm (D:1)
  A dart slug (D:1)
  2 orcs
  4 ball pythons
  7 endoplasms
  A giant cockroach (D:3)
  5 goblins
  4 hobgoblins
  5 kobolds
  3 quokkas
  3 bats (D:1)
  A frilled lizard (D:2)
  8 rats
53 creatures vanquished.

Notes
Turn   | Place    | Note
-------+----------+-------------------------------------------
     0 | D:1      | Avanven the Gargoyle Fighter began the quest for the Orb.
     0 | D:1      | Reached XP level 1. HP: 14/14 MP: 1/1
   108 | D:1      | Reached XP level 2. HP: 19/19 MP: 2/2
   303 | D:1      | Found a faded altar of an unknown god.
   317 | D:1      | Reached skill level 3 in Maces & Flails
   715 | D:1      | Reached XP level 3. HP: 20/23 MP: 3/3
  1029 | D:2      | Noticed Sigmund
  1822 | D:2      | Reached skill level 4 in Maces & Flails
  1939 | D:2      | Killed Sigmund
  1940 | D:2      | Reached skill level 5 in Maces & Flails
  1940 | D:2      | Reached XP level 4. HP: 28/28 MP: 4/4
  1940 | D:2      | Reached XP level 5. HP: 32/32 MP: 5/5
  1963 | D:2      | Reached skill level 6 in Maces & Flails
  2324 | D:2      | Reached XP level 6. HP: 33/37 MP: 6/6
  2623 | D:3      | Identified the ring "Nipoorr" {Contam rF++ Int+6 Dex+2
                  | Stlth+}
  3183 | D:4      | Noticed a hornet
  3193 | D:4      | Mangled by a hornet

Illustrated notes

Levels and vault maps discovered:
D:1:      onia_arrival_handbag, layout_loops_corners,
          hellmonk_ecumenical_altar_blasted, minmay_misc_feat_rows
D:2:      layout_basic, uniq_sigmund
D:3:      layout_loops_ring
D:4:      minmay_spotlight, layout_rooms, mainiacjoe_overflow_brackets,
          serial_bayou_lake_a, uniq_edmund

Skill      XL: |  1  2  3  4  5 |
---------------+----------------+-----
Maces & Flails | 3 5 6 |  6.9
Fighting       | |  3.2
Armour         | |  3.2
Shields        | |  3.2

Action                   |  1- 3 |  4- 6 || total
-------------------------+-------+-------++-------
Melee: Flail             |   107 |    83 ||   190
Throw: Javelin           |       |     1 ||     1
  Use: Scroll            |     3 |     1 ||     4
       Potion            |     1 |       ||     1
Armor: Scale mail        |    21 |       ||    21
       Plate armour      |    51 |    59 ||   110
       Skin              |     3 |       ||     3
Dodge: Dodged            |    39 |    18 ||    57
Block: Buckler           |    15 |    12 ||    27
